 Dungeon Crawl Stone Soup version 0.26-a0-651-gb41185065b (webtiles) character file.

Game seed: 6714122127024607606

1343 Ozzies the Thaumaturge (level 8, 0/46 HPs)
             Began as a Deep Elf Conjurer on Oct 5, 2020.
             Was an Initiate of Vehumet.
             Killed by miscasting Iskenderun's Mystic Blast (9 damage)
             ... on level 5 of the Dungeon.
             The game lasted 00:09:30 (5499 turns).

Ozzies the Thaumaturge (Deep Elf Conjurer)          Turns: 5499, Time: 00:09:30

Health: 0/46       AC:  4    Str:  4    XL:     8   Next: 35%
Magic:  10/22      EV: 13    Int: 26    God:    Vehumet [......]
Gold:   342        SH:  0    Dex: 13    Spells: 17/24 levels left

rFire    . . .     SeeInvis .   b - +0 dagger
rCold    . . .     Faith    .   (no shield)
rNeg     . . .     Spirit   .   p - +2 robe {MR+}
rPois    .         Reflect  .   (no helmet)
rElec    .         Harm     .   (no cloak)
rCorr    .         Rampage  .   (no gloves)
MR       ++...                  (no boots)
Stlth    ++........             (no amulet)
HPRegen  0.15/turn              h - ring of protection from magic
MPRegen  0.18/turn              (no ring)

@: very slightly contaminated, lightly drained
A: no striking features
a: Renounce Religion


You were on level 5 of the Dungeon.
You worshipped Vehumet.
Vehumet was noncommittal.
You visited 2 branches of the dungeon, and saw 7 of its levels.

You collected 342 gold pieces.

Inventory:

Hand Weapons
 b - a +0 dagger (weapon)
Missiles
 g - 249 stones (quivered)
 u - 22 sling bullets
Armour
 a - a +0 robe
 p - a +2 robe of magic resistance (worn)
 v - a +0 helmet
Jewellery
 h - a ring of protection from magic (left hand)
Wands
 e - a wand of disintegration (16)
 n - a wand of random effects (16)
Scrolls
 c - 2 scrolls of magic mapping {unknown}
 f - 5 scrolls of teleportation {unknown}
 j - a scroll of enchant armour {unknown}
 k - 2 scrolls of enchant weapon {unknown}
 o - a scroll of random uselessness {unknown}
 q - 3 scrolls of remove curse {unknown}
 r - 8 scrolls of identify {unknown}
 w - a scroll of immolation {unknown}
Potions
 d - 5 potions of mutation {unknown}
 i - 3 potions of flight {unknown}
 l - a potion of berserk rage {unknown}
 m - 2 potions of stabbing {unknown}
 s - a potion of haste {@q4 !q}
 t - a potion of heal wounds {unknown}


   Skills:
 - Level 3.0(2.6) Fighting
 - Level 3.0(2.6) Dodging
 - Level 3.0(2.6) Stealth
 - Level 8.8(8.3) Spellcasting
 + Level 8.6(8.1) Conjurations


You had 17 spell levels left.
You knew the following spells:

 Your Spells              Type           Power        Failure   Level
a - Magic Dart            Conj           ####         1%          1
b - Searing Ray           Conj           ######       1%          2
c - Iskenderun's Mystic   Conj/Tloc      ####....     10%         4

Your spell library contained the following spells:

 Spells                   Type           Power        Failure   Level
 Dazzling Flash           Conj/Hex       ####..       3%          3
 Fulminant Prism          Conj/Hex       ####......   10%         4


Dungeon Overview and Level Annotations

Branches:
Dungeon (6/15)             Temple (1/1) D:5

Altars:
Ashenzari
Cheibriados
Dithmenos
Elyvilon
Gozag
Hepliaklqana
Kikubaaqudgha
Makhleb
Nemelex Xobeh
Qazlal
Ru
Trog
Uskayaw
Vehumet
Wu Jian
Yredelemnul
Zin
The Shining One


Message History

Search for what [Enter for "."]?
(D) Dungeon (T) Temple
Where to? (Enter - D:5, ? - help)
There is a stone staircase leading down here.
You climb downwards.
You hear the sound of rushing water.
There is an entrance to a sewer on this level.
Hurry and find it before the portal rusts away!
An orc, an orc priest and 5 wights come into view.
A wight is wielding a +2 vorpal great sword.
The orc shouts!
There is a stone staircase leading up here.
Casting: Magic Dart (safe; 1% risk of failure)
Confirm with . or Enter, or press ? or * to list all spells.
Aiming: Magic Dart (safe; 1% risk of failure)
Press: ? - help, Shift-Dir - straight line, f - wight
Aim: a wight, wielding a +3 battleaxe and wearing a +0 robe The magic dart hits the wight but does no damage.
The orc priest shouts!
You hear a shout! x2
The orc priest casts a cantrip, but nothing happens.
Casting: Magic Dart (safe; 1% risk of failure)
Confirm with . or Enter, or press ? or * to list all spells.
Aiming: Searing Ray (safe; 1% risk of failure)
Press: ? - help, Shift-Dir - straight line, f/p - wight
Aim: a wight, wielding a +3 battleaxe and wearing a +0 robe The searing ray hits the wight.
The wight is moderately damaged. (Press . to maintain the ray.)
The wight hits you with a +3 battleaxe.
An orc warrior comes into view. It is wielding a +0 dire flail.
You climb upwards.
There is a stone staircase leading down here.
Unknown command.
Casting: Searing Ray (safe; 1% risk of failure)
Confirm with . or Enter, or press ? or * to list all spells.
Aiming: Searing Ray (safe; 1% risk of failure)
Press: ? - help, Shift-Dir - straight line, f - wight
Aim: a wight, wielding a +3 battleaxe and wearing a +0 robe (moderately damaged)
The searing ray hits the wight!
You destroy the wight!
Vehumet accepts your kill.
Your Fighting skill increases to level 3! (Press . to maintain the ray.)
You start resting.
Magic restored.
You climb downwards.
You hear the sound of rushing water.
There is an entrance to a sewer on this level.
Hurry and find it before the portal rusts away!
A quokka comes into view.
The orc warrior barely misses you. The orc hits you but does no damage.
The wight barely misses you. The wight closely misses you.
The wight hits you with a +2 vorpal great sword!
The orc hits you but does no damage. The orc warrior barely misses you.
There is a stone staircase leading up, spattered with blood here.
Casting: Searing Ray (safe; 1% risk of failure)
Confirm with . or Enter, or press ? or * to list all spells.
Aiming: Searing Ray (safe; 1% risk of failure)
Press: ? - help, Shift-Dir - straight line, f - wight
Aim: a wight, wielding a +0 battleaxe and wearing a +0 robe
Okay, then.
Casting: Searing Ray (safe; 1% risk of failure)
Confirm with . or Enter, or press ? or * to list all spells.
The spell is quite dangerous to cast (9% risk of failure)!
Continue anyway?
You erupt in a blast of force!
The mystic blast misses the orc priest.
The mystic blast misses the wight.
The mystic blast hits the wight!
The wight is heavily damaged.
The wight is knocked back by the mystic blast.
The mystic blast hits the wight.
The wight is moderately damaged.
The wight is knocked back by the mystic blast.
The mystic blast hits the wight!
The wight is heavily damaged.
The wight is knocked back by the mystic blast.
The mystic blast hits the orc warrior.
The orc warrior is lightly wounded.
The orc warrior is knocked back by the mystic blast.
The orc warrior slams into the rock wall!
The mystic blast hits the orc!
You kill the orc!
Vehumet accepts your kill.
The wight hits you with a cursed +0 battleaxe!
The orc priest closely misses you. The wight closely misses you.
The wight hits you with a cursed +0 battleaxe!
You feel drained.
* * * LOW HITPOINT WARNING * * *
The wight completely misses you.
You climb upwards.
There is a stone staircase leading down here.
Casting: Iskenderun's Mystic Blast (quite dangerous; 10% risk of failure)
Confirm with . or Enter, or press ? or * to list all spells.
The spell is quite dangerous to cast (10% risk of failure)!
Continue anyway?
You miscast Iskenderun's Mystic Blast.
You are very lightly contaminated with residual magic.
Nothing appears to happen.
The orc priest misses you. The wight hits you but does no damage.
Casting: Iskenderun's Mystic Blast (quite dangerous; 10% risk of failure)
Confirm with . or Enter, or press ? or * to list all spells.
The spell is quite dangerous to cast (10% risk of failure)!
Continue anyway?
You miscast Iskenderun's Mystic Blast.
The air around you crackles with energy!
You die...

....# #.....###
..### #.......#
..######.......#
......##......##
#..............###
##...............#
#............#...#
...............[z#
.###........###o@#
............#..z.#
............#..###
.#.......##...##
####.........##
###.......).####
#...........#..###
#......###.......##
....##.#..........#


You could see 2 wights and an orc priest.

Vanquished Creatures
  Grinder (D:3)
  Sigmund (D:3)
  Menkaure (D:5)
  An ice beast (D:5)
  2 ogres
  A wight (D:5)
  A howler monkey (D:5)
  2 hounds
  An orc priest (D:4)
  Ijyb (D:3)
  Terence (D:3)
  An iguana (D:5)
  Natasha (thrice) (D:2)
  3 worker ants
  A hound skeleton (D:4)
  A howler monkey zombie (D:5)
  7 adders
  A white imp (D:4)
  2 ufetubi (D:5)
  2 oozes
  2 adder skeletons
  5 dart slugs
  4 leopard geckos
  9 orcs
  3 ball pythons
  5 giant cockroaches
  7 goblins
  7 hobgoblins
  6 jackals (D:5)
  2 quokkas
  6 frilled lizards
  7 kobolds
  A leopard gecko skeleton (D:4)
  A leopard gecko zombie (D:5)
  7 rats
106 creatures vanquished.

Vanquished Creatures (others)
  A plant (D:3)
1 creature vanquished.

Grand Total: 107 creatures vanquished

Notes
Turn   | Place    | Note
-------+----------+-------------------------------------------
     0 | D:1      | Ozzies the Deep Elf Conjurer began the quest for the Orb.
     0 | D:1      | Reached XP level 1. HP: 10/10 MP: 6/6
   133 | D:1      | Reached XP level 2. HP: 15/15 MP: 2/8
   561 | D:1      | Reached XP level 3. HP: 19/19 MP: 7/10
  1447 | D:2      | Noticed Natasha
  1452 | D:2      | Killed Natasha
  1452 | D:2      | Reached skill level 5 in Conjurations
  1452 | D:2      | Reached XP level 4. HP: 5/24 MP: 6/12
  1527 | D:2      | Noticed Natasha
  1531 | D:2      | Killed Natasha
  1797 | D:2      | Learned a level 2 spell: Searing Ray
  1935 | D:2      | Noticed Natasha
  1942 | D:2      | Killed Natasha
  2132 | D:2      | Reached skill level 5 in Spellcasting
  2218 | D:3      | Reached XP level 5. HP: 28/28 MP: 10/14
  2288 | D:3      | Noticed Sigmund
  2294 | D:3      | Killed Sigmund
  2294 | D:3      | Reached XP level 6. HP: 32/32 MP: 11/17
  2363 | D:3      | Noticed Terence
  2369 | D:3      | Killed Terence
  2411 | D:3      | Noticed Grinder
  2418 | D:3      | Killed Grinder
  2418 | D:3      | Reached XP level 7. HP: 36/36 MP: 11/19
  2547 | D:3      | Noticed Ijyb
  2554 | D:3      | Killed Ijyb
  2938 | D:3      | Found a broken altar of Ashenzari.
  2942 | D:3      | Saw a vision of the Swamp and the Snake Pit.
  2942 | D:3      | Noticed a naga mage
  2942 | D:3      | Noticed a guardian serpent
  2942 | D:3      | Noticed a naga ritualist
  2942 | D:3      | Noticed a guardian serpent
  2942 | D:3      | Noticed a mana viper
  2942 | D:3      | Noticed a black mamba
  4121 | D:4      | Learned a level 4 spell: Iskenderun's Mystic Blast
  4199 | D:5      | Entered Level 5 of the Dungeon
  4320 | D:5      | Reached skill level 1 in Fighting
  4389 | D:5      | Reached XP level 8. HP: 44/44 MP: 14/22
  4795 | D:5      | Found a staircase to the Ecumenical Temple.
  4818 | D:5      | Noticed Menkaure
  4825 | D:5      | Killed Menkaure
  5018 | Temple   | Entered the Ecumenical Temple
  5087 | Temple   | Became a worshipper of Vehumet
  5499 | D:5      | Killed by miscasting Iskenderun's Mystic Blast

Illustrated notes

Levels and vault maps discovered:
D:1:      wander_arrival_estate, layout_basic
D:2:      layout_loops_ring, chequers_mini_garden, minmay_tetromino_s2,
          uniq_natasha
D:3:      layout_basic, serial_bayou_pond_e, grunt_ashenzari_visionary
          [grunt_ashenzari_visionary_swamp, grunt_ashenzari_visionary_snake],
          uniq_ijyb, uniq_grinder, uniq_sigmund, uniq_terence
D:4:      layout_loops_ring
D:5:      layout_cave_pools, temple_doors_e, kennysheep_generic_room_11,
          uniq_menkaure
D:6:      layout_cave_pods, portal_sewer_entry_a, serial_shops, shop,
          nicolae_shop_crystal, shop, shop
Temple:   dpeg_five_rooms_temple

Skill      XL: |  1  2  3  4  5  6  7  8 |
---------------+-------------------------+-----
Dodging        | 3 |  3.0
Stealth        | 3 |  3.0
Spellcasting   | 4 5 6 7 8 |  8.8
Conjurations   | 5 6 7 8 |  8.6
Fighting       | 1 3 |  3.0

Action                   |  1- 3 |  4- 6 |  7- 9 || total
-------------------------+-------+-------+-------++-------
 Cast: Magic Dart        |    66 |    28 |    79 ||   173
       Searing Ray       |       |     7 |    31 ||    38
       Iskenderun's Myst |       |       |     1 ||     1
Armor: Robe              |       |       |     4 ||     4
Dodge: Dodged            |     2 |     3 |    21 ||    26

Table legend: (Time is in decaauts)
 A = Elapsed time spent in this place.
 B = Non-inter-level travel time spent in this place.
 C = Inter-level travel time spent in this place.
 D = Time resting spent in this place.
 E = Time spent auto-exploring this place.
 F = Levels seen in this place.
 G = Mean time per level.
                   A        B        C        D        E       F      G
               +--------+--------+--------+--------+--------+-----+--------+
         Total |   5500 |   5334 |    166 |    359 |   4526 |   7 |  785.7 |
       Dungeon |   5262 |   5146 |    116 |    359 |   4341 |   6 |  877.0 |
        Temple |    238 |    189 |     49 |      0 |    185 |   1 |  238.0 |
               +--------+--------+--------+--------+--------+-----+--------+

Top non-repeatable levels by time:
     D:2: 1324 daAuts
     D:4: 1111 daAuts
     D:5: 1053 daAuts
     D:3: 886 daAuts
     D:1: 879 daAuts
  Temple: 238 daAuts
     D:6: 7 daAuts
